 Dungeon Crawl Stone Soup version 0.23.2-1-ga50397a (webtiles) character file.

Game seed: 3946344033047392061

1973 IBeShadow the Magician (level 9, -2/69 HPs)
             Began as a Gnoll Skald on May 29, 2019.
             Was an Initiate of Cheibriados.
             Slain by an orc warrior
             ... wielding a +0 halberd
              (21 damage)
             ... on level 6 of the Dungeon.
             The game lasted 00:15:47 (7008 turns).

IBeShadow the Magician (Gnoll Skald)                Turns: 7008, Time: 00:15:48

Health: -2/69      AC:  9    Str: 22    XL:     9   Next: 20%
Magic:  1/18       EV: 15    Int: 17    God:    Cheibriados [......]
Gold:   408        SH:  0    Dex: 17    Spells: 12/20 levels left

rFire    . . .     SeeInvis .   i - +3 trident
rCold    . . .     Gourm    .   (no shield)
rNeg     . . .     Faith    .   s - +2 ring mail of Tiesimn {*Contam MR+++ Str+6}
rPois    .         Spirit   .   (no helmet)
rElec    .         Reflect  .   n - +0 cloak
rCorr    .         Harm     .   (no gloves)
MR       +++..                  (no boots)
Stlth    ++........             (no amulet)
HPRegen  0.21/turn              (no ring)
MPRegen  0.16/turn              (no ring)

@: shrouded, very slightly contaminated, very slow
A: distributed training, fangs 1, strong nose
a: Bend Time, Renounce Religion


You were on level 6 of the Dungeon.
You worshipped Cheibriados.
Cheibriados was noncommittal.
You were hungry.

You visited 1 branch of the dungeon, and saw 6 of its levels.

You collected 408 gold pieces.

Inventory:

Hand Weapons
 a - a +0 spear
 h - a +4 quarterstaff of chaos
 i - a +3 trident (weapon)
 p - a +0 quarterstaff
 u - a +0 hunting sling of velocity
Missiles
 m - 115 stones (quivered)
Armour
 b - a +0 leather armour
 k - a +0 scale mail
 n - a +0 cloak (worn)
 s - the +2 ring mail of Tiesimn (worn) {*Contam MR+++ Str+6}
   (You found it on level 4 of the Dungeon)

   It affects your strength (+6).
   It affects your resistance to hostile enchantments.
   It causes magical contamination when unequipped.
Jewellery
 c - an uncursed ring of magical power {unknown}
Wands
 r - a wand of flame (22)
 y - a wand of disintegration (18)
Scrolls
 f - 3 scrolls of enchant weapon
 j - 6 scrolls of identify
 q - 2 scrolls of immolation
 x - a scroll of remove curse
 C - a scroll of magic mapping
Potions
 e - 3 potions of agility
 l - 2 potions of curing
 o - a potion of haste {unknown}
 t - 3 potions of magic
 v - a potion of degeneration {unknown}
 z - a potion of invisibility {unknown}
 E - a potion of cancellation {unknown}
 G - a potion of lignification {unknown}
Miscellaneous
 B - a crystal ball of energy
Comestibles
 d - 12 rations
 F - a chunk of flesh


   Skills:
 + Level 6.1 Fighting
 + Level 3.9 Short Blades
 + Level 3.9 Long Blades
 + Level 3.9 Axes
 + Level 3.9 Maces & Flails
 + Level 6.1 Polearms
 + Level 3.9 Staves
 + Level 3.9 Slings
 + Level 3.9 Bows
 + Level 3.9 Crossbows
 + Level 3.9 Throwing
 + Level 4.7 Armour
 + Level 6.1 Dodging
 + Level 3.9 Stealth
 + Level 3.9 Shields
 + Level 3.9 Unarmed Combat
 + Level 6.4 Spellcasting
 + Level 3.2 Conjurations
 + Level 3.2 Hexes
 + Level 6.4 Charms
 + Level 3.2 Summonings
 + Level 3.2 Necromancy
 + Level 3.2 Translocations
 + Level 3.2 Transmutations
 + Level 3.2 Fire Magic
 + Level 3.2 Ice Magic
 + Level 3.2 Air Magic
 + Level 3.2 Earth Magic
 + Level 3.2 Poison Magic
 + Level 4.3 Invocations
 + Level 3.9 Evocations


You had 12 spell levels left.
You knew the following spells:

 Your Spells              Type           Power        Failure   Level  Hunger
a - Infusion              Chrm           ####         1%          1    None
b - Song of Slaying       Chrm           ####....     1%          2    None
c - Shroud of Golubria    Chrm/Tloc      ###.......   4%          2    None
d - Regeneration          Chrm/Necr      ###.......   8%          3    ##.....

Your spell library contained the following spells:

 Spells                   Type           Power        Failure   Level  Hunger
 Spectral Weapon          Hex/Chrm       ###.....     8%          3    ##.....


Dungeon Overview and Level Annotations

Branches:
Dungeon (6/15)             Temple (0/1) D:6

Altars:
Ashenzari
Cheibriados
Dithmenos
Elyvilon
Hepliaklqana
Kikubaaqudgha
Nemelex Xobeh
Okawaru
Wu Jian
The Shining One


Innate Abilities, Weirdness & Mutations

Your experience applies equally to all skills.
You have very sharp teeth.
Your uncanny sense of smell can sniff out nearby items.


Message History

The orc warrior misses you.
Attack whom?
Press: ? - help, Dir - move target cursor, f/p - orc warrior
Aim: an orc warrior, wielding a +0 halberd and wearing a +0 chain mail (blue smoke)
You reach to attack!
You hit the orc warrior.
The orc warrior is lightly wounded.
You are no longer magically infusing your attacks.
Attack whom?
Press: ? - help, Dir - move target cursor, f/p - orc warrior
Aim: an orc warrior, wielding a +0 halberd and wearing a +0 chain mail (blue smoke, lightly wounded)
You reach to attack!
You barely miss the orc warrior.
The orc warrior is lightly wounded.
The orc warrior closely misses you.
Attack whom?
Press: ? - help, Dir - move target cursor, f/p - orc warrior
Aim: an orc warrior, wielding a +0 halberd and wearing a +0 chain mail (blue smoke, lightly wounded)
You reach to attack!
You barely miss the orc warrior.
The orc warrior is lightly wounded.
The orc warrior hits you from afar with a +0 halberd!!
You die...

.. .. ## ....P.P#
#..##.##. .P#...#P###
.§§.>.. ..# #####P#...
#.# ####
#.§o§§##.####.#####...
#.###@#P.P..........##
##.###§#.........#####
......#.#.###....#
##.##..#..........#
#§##......####...#
#.......### #...#####
####.##### #..>..)..
#.......# #...#####
#.##.##..............


You could see an orc warrior.

Vanquished Creatures
  Grinder (D:3)
  Sigmund (D:2)
  The ghost of Keegan the Shield-Bearer, an amateur TrFi of Makhleb (D:3)
  Eustachio (D:5)
  2 ice beasts
  A phantom (D:5)
  A centaur (D:5)
  2 ogres
  A bullfrog (D:5)
  A scorpion (D:2)
  A crimson imp (D:5)
  A centaur zombie (D:3)
  Crazy Yiuf (D:2)
  A bullfrog zombie (D:4)
  A jelly (D:5)
  2 orc priests
  A hound (D:6)
  Jessica (D:2)
  Terence (D:2)
  An orc wizard (D:5)
  A hound skeleton (D:6)
  2 worker ant zombies (D:5)
  15 gnolls
  A howler monkey skeleton (D:3)
  6 adders
  An ooze (D:4)
  5 worms
  3 dart slugs
  4 leopard geckos
  9 orcs
  10 bats
  2 giant cockroaches
  8 goblins
  12 hobgoblins
  12 jackals
  3 quokkas (D:3)
  A ball python (D:1)
  5 frilled lizards
  A goblin zombie (D:5)
  2 hobgoblin zombies (D:5)
  9 kobolds
  2 kobold skeletons (D:5)
  2 kobold zombies (D:5)
  An orc skeleton (D:5)
  A quokka skeleton (D:6)
  A quokka zombie (D:6)
  15 rats
157 creatures vanquished.

Notes
Turn   | Place    | Note
-------+----------+-------------------------------------------
     0 | D:1      | IBeShadow the Gnoll Skald began the quest for the Orb.
     0 | D:1      | Reached XP level 1. HP: 20/20 MP: 6/6
   131 | D:1      | Reached XP level 2. HP: 18/26 MP: 7/7
   735 | D:1      | Reached skill level 5 in Spellcasting
   735 | D:1      | Reached XP level 3. HP: 4/31 MP: 7/9
  1219 | D:1      | Reached skill level 1 in Invocations
  1475 | D:2      | Noticed Sigmund
  1520 | D:2      | Killed Sigmund
  1520 | D:2      | Reached skill level 1 in Short Blades
  1520 | D:2      | Reached skill level 1 in Long Blades
  1520 | D:2      | Reached skill level 1 in Axes
  1520 | D:2      | Reached skill level 1 in Maces & Flails
  1520 | D:2      | Reached skill level 1 in Staves
  1520 | D:2      | Reached skill level 1 in Slings
  1520 | D:2      | Reached skill level 1 in Bows
  1520 | D:2      | Reached skill level 1 in Crossbows
  1520 | D:2      | Reached skill level 1 in Throwing
  1520 | D:2      | Reached skill level 1 in Stealth
  1520 | D:2      | Reached skill level 1 in Shields
  1520 | D:2      | Reached skill level 1 in Unarmed Combat
  1520 | D:2      | Reached skill level 1 in Conjurations
  1520 | D:2      | Reached skill level 1 in Hexes
  1520 | D:2      | Reached skill level 1 in Summonings
  1520 | D:2      | Reached skill level 1 in Necromancy
  1520 | D:2      | Reached skill level 1 in Translocations
  1520 | D:2      | Reached skill level 1 in Transmutations
  1520 | D:2      | Reached skill level 1 in Fire Magic
  1520 | D:2      | Reached skill level 1 in Ice Magic
  1520 | D:2      | Reached skill level 1 in Air Magic
  1520 | D:2      | Reached skill level 1 in Earth Magic
  1520 | D:2      | Reached skill level 1 in Poison Magic
  1520 | D:2      | Reached skill level 1 in Evocations
  1520 | D:2      | Reached XP level 4. HP: 11/38 MP: 6/11
  1520 | D:2      | Reached XP level 5. HP: 13/43 MP: 6/12
  1874 | D:2      | Reached XP level 6. HP: 29/50 MP: 3/13
  2368 | D:2      | Found a white marble altar of Elyvilon.
  2378 | D:2      | Noticed Terence
  2396 | D:2      | Killed Terence
  2396 | D:2      | Reached skill level 5 in Fighting
  2396 | D:2      | Reached skill level 5 in Polearms
  2396 | D:2      | Reached skill level 5 in Dodging
  2452 | D:2      | Noticed Jessica
  2462 | D:2      | Killed Jessica
  2484 | D:2      | Found a runed translucent door.
  2485 | D:2      | Noticed Crazy Yiuf
  2932 | D:2      | Learned a level 2 spell: Song of Slaying
  2936 | D:2      | Learned a level 3 spell: Regeneration
  2941 | D:2      | Learned a level 2 spell: Shroud of Golubria
  2945 | D:2      | Killed Crazy Yiuf
  3003 | D:3      | Found a runed translucent gate.
  3007 | D:3      | Found a runed translucent gate.
  3008 | D:3      | Found a runed translucent gate.
  3033 | D:3      | Noticed Keegan's ghost (amateur TrFi)
  3177 | D:3      | Found a shadowy altar of Dithmenos.
  3317 | D:3      | Found an ancient bone altar of Kikubaaqudgha.
  3320 | D:3      | Found a sparkling altar of Nemelex Xobeh.
  3323 | D:3      | Found a shattered altar of Ashenzari.
  3485 | D:3      | Reached XP level 7. HP: 56/56 MP: 15/15
  3802 | D:3      | Noticed Grinder
  3819 | D:3      | Paralysed by Grinder for 4 turns
  3824 | D:3      | Killed Grinder
  4082 | D:3      | Found a hazy altar of Hepliaklqana.
  4082 | D:3      | Found an iron altar of Okawaru.
  4334 | D:3      | Killed Keegan's ghost
  4336 | D:3      | Reached XP level 8. HP: 16/63 MP: 0/16
  4718 | D:4      | Got a crude ring mail
  4729 | D:4      | Identified the +2 ring mail of Tiesimn {*Contam MR+++
                  | Str+6} (You found it on level 4 of the Dungeon)
  5205 | D:5      | Entered Level 5 of the Dungeon
  5222 | D:5      | Found a transporter.
  5243 | D:5      | Found an ornate altar of the Wu Jian Council.
  5251 | D:5      | Found a transporter.
  5268 | D:5      | Noticed Eustachio
  5304 | D:5      | Killed Eustachio
  5844 | D:5      | Found a glowing golden altar of the Shining One.
  6058 | D:5      | Reached XP level 9. HP: 55/69 MP: 18/18
  6856 | D:6      | Found a snail-covered altar of Cheibriados.
  6871 | D:6      | Became a worshipper of Cheibriados the Contemplative
  6955 | D:6      | Found a staircase to the Ecumenical Temple.
  6985 | D:6      | HP: 2/69 [orc warrior/+0 halberd (16)]
  7008 | D:6      | Slain by an orc warrior

Skill      XL: |  1  2  3  4  5  6  7  8  9 |
---------------+----------------------------+-----
Spellcasting   | 5 6 |  6.4
Invocations    | 1 2 3 4 |  4.3
Short Blades   | 1 2 3 |  3.9
Long Blades    | 1 2 3 |  3.9
Axes           | 1 2 3 |  3.9
Maces & Flails | 1 2 3 |  3.9
Staves         | 1 2 3 |  3.9
Slings         | 1 2 3 |  3.9
Bows           | 1 2 3 |  3.9
Crossbows      | 1 2 3 |  3.9
Throwing       | 1 2 3 |  3.9
Armour         | 3 4 |  4.7
Stealth        | 1 2 3 |  3.9
Shields        | 1 2 3 |  3.9
Unarmed Combat | 1 2 3 |  3.9
Conjurations   | 1 2 3 |  3.2
Hexes          | 1 2 3 |  3.2
Summonings     | 1 2 3 |  3.2
Necromancy     | 1 2 3 |  3.2
Translocations | 1 2 3 |  3.2
Transmutations | 1 2 3 |  3.2
Fire Magic     | 1 2 3 |  3.2
Ice Magic      | 1 2 3 |  3.2
Air Magic      | 1 2 3 |  3.2
Earth Magic    | 1 2 3 |  3.2
Poison Magic   | 1 2 3 |  3.2
Evocations     | 1 2 3 |  3.9
Fighting       | 5 6 |  6.1
Polearms       | 5 6 |  6.1
Dodging        | 5 6 |  6.1
Charms         | 6 |  6.4

Action                   |  1- 3 |  4- 6 |  7- 9 || total
-------------------------+-------+-------+-------++-------
Melee: Spear             |   131 |   139 |       ||   270
       Bite              |    10 |    12 |    44 ||    66
       Quarterstaff      |       |    51 |    82 ||   133
       Punch             |       |     1 |     4 ||     5
       Trident           |       |       |   251 ||   251
 Cast: Infusion          |     2 |     6 |    10 ||    18
       Shroud of Golubri |       |     1 |    13 ||    14
       Regeneration      |       |     1 |     6 ||     7
       Song of Slaying   |       |     1 |     1 ||     2
  Use: Potion            |     1 |     1 |     2 ||     4
       Scroll            |       |       |    14 ||    14
 Stab: Sleeping          |     3 |     1 |     3 ||     7
       Confused          |       |     1 |       ||     1
       Paralysed         |       |       |     1 ||     1
  Eat: Chunk             |     2 |     6 |     9 ||    17
       Ration            |       |       |     1 ||     1
Armor: Leather armour    |    26 |     4 |       ||    30
       Scale mail        |       |    63 |    33 ||    96
       Ring mail         |       |       |    82 ||    82
Dodge: Dodged            |    93 |    94 |   263 ||   450
